 Seeded DCSS version 0.27-a0-1065-ge809cff456 (webtiles) character file.

Game seed: 1804034943127337514 (custom seed)

60 oldmanjim the Shield-Bearer (level 4, -7/29 HPs)
             Began as a Gargoyle Fighter on Apr 22, 2021.
             Mangled by Sigmund
             ... wielding a +0 scythe
              (10 damage)
             ... on level 3 of the Dungeon.
             The game lasted 00:07:16 (1702 turns).

oldmanjim the Shield-Bearer (Gargoyle Fighter)      Turns: 1702, Time: 00:07:16

Health: -7/29      AC: 10    Str: 21    XL:     4   Next: 6%
Magic:  4/4        EV:  7    Int:  8    God:
Gold:   98         SH:  0    Dex:  9    Spells: 3/3 levels left

rFire    . . .     SeeInvis .   a - +0 trident
rCold    . . .     Faith    .   c - +0 kite shield
rNeg     + . .     Spirit   .   b - +0 scale mail
rPois    ∞         Reflect  .   (no helmet)
rElec    +         Harm     .   (no cloak)
rCorr    .         Rampage  .   (no gloves)
Will     .....                  (no boots)
Stlth    ..........             (no amulet)
HPRegen  0.09/turn              (no ring)
MPRegen  0.09/turn              (no ring)

@: confused
A: AC +3, negative energy resistance 1, electricity resistance, torment
resistance 1, unbreathing 1, petrification resistance
a: no special abilities


You were on level 3 of the Dungeon.
You visited 1 branch of the dungeon, and saw 3 of its levels.

You collected 98 gold pieces.

Inventory:

Hand Weapons
 a - a +0 trident (weapon)
Missiles
 e - 58 sling bullets
 g - 115 stones (quivered)
 i - 29 bolts
 m - 2 boomerangs
Armour
 b - a +0 scale mail (worn)
 c - a +0 kite shield (worn)
Jewellery
 h - a ring of fire
Scrolls
 f - a scroll of fear {unknown}
 k - 2 scrolls of enchant weapon {unknown}
 o - a scroll of magic mapping {unknown}
Potions
 d - 2 potions of might
 j - a potion of ambrosia {unknown}
 l - a potion of attraction {unknown}
 n - a potion of lignification {unknown}


   Skills:
 + Level 3.8 Fighting
 + Level 2.3 Polearms
 + Level 3.9 Armour
 + Level 3.9 Shields


You had 3 spell levels left.
You didn't know any spells.
Your spell library contained the following spells:

 Spells                   Type           Power      Damage    Failure   Level
 Magic Dart               Conj           0%         1d3       99%         1
 Searing Ray              Conj           0%         3d3       100%        2
 Dazzling Flash           Conj/Hex       0%         N/A       100%        3
 Fulminant Prism          Conj/Hex       0%         3d6       100%        4
 Iskenderun's Mystic Bla  Conj/Tloc      0%         2d3       100%        4


Dungeon Overview and Level Annotations

Branches:
Dungeon (3/15)

Altars:
Trog

Shops:
D:1 ![=:   D:2 (

Annotations:
D:3 Sigmund


Innate Abilities, Weirdness & Mutations

Your stone body is resilient. (AC +3)
You are immune to poison.
You resist negative energy. (rN+)
You are resistant to electric shocks. (rElec)
You are resistant to unholy torment.
You can survive without breathing.
You are immune to petrification.


Message History

The endoplasm is severely wounded.
Sigmund hits you from afar with a +0 scythe.
The endoplasm freezes you.
You are frozen.
You hit the endoplasm but do no damage.
The endoplasm is severely wounded.
Sigmund barely misses you. The endoplasm freezes you.
You are frozen.
Sigmund points at you and mumbles some strange words.
You are confused.
The endoplasm hits you but does no damage.
You bump into the rock wall.
The endoplasm barely misses you. Sigmund closely misses you.
You hit the endoplasm.
You kill the endoplasm!
Sigmund closely misses you.
You bump into the rock wall.
Sigmund barely misses you.
You bump into the rock wall.
You feel less confused. Sigmund hits you but does no damage.
You block Sigmund's attack.
You hit Sigmund but do no damage.
Sigmund is lightly wounded.
Sigmund points at you and mumbles some strange words.
The magic dart hits you! Sigmund misses you.
You puncture Sigmund!
Sigmund is moderately wounded.
Sigmund hits you with a +0 scythe!
* * * LOW HITPOINT WARNING * * *
You hit Sigmund.
Sigmund is moderately wounded.
Sigmund's eyes start glowing with a red light.
You block Sigmund's attack.
You closely miss Sigmund.
Sigmund is moderately wounded.
Sigmund gestures at you while chanting.
You are confused.
Sigmund hits you with a +0 scythe!
You die...

#.# . ####.# ### .#
####..... ..# .#
........# #.#..
.....$..# #.#.
..@.....# #..
#+##.# #.#
######.##.###.#
#......##..@@.#
#........######
#........+
#....)...########
#........+.......
#........#....###
#........<.......
#.....#+#+#.....#..
#.#.#.#.#.......#


You could see Sigmund.

Vanquished Creatures
  Jessica (D:3)
  2 bats
  2 endoplasms
  3 goblins (D:1)
  3 hobgoblins
  7 jackals (D:1)
  3 quokkas (D:1)
  3 ball pythons
  A frilled lizard (D:1)
  2 kobolds (D:1)
  4 rats
31 creatures vanquished.

Notes
Turn   | Place    | Note
-------+----------+-------------------------------------------
     0 | D:1      | oldmanjim the Gargoyle Fighter began the quest for the Orb.
     0 | D:1      | Reached XP level 1. HP: 14/14 MP: 1/1
   100 | D:1      | Reached XP level 2. HP: 19/19 MP: 2/2
   222 | D:1      | Found Vivvetoe's Distillery.
   436 | D:1      | Found Rijavem's Jewellery Shop.
   452 | D:1      | Found Tuirisumo's Antique Armour Shoppe.
   536 | D:1      | Found Akushrapt's Book Emporium.
   719 | D:1      | Reached XP level 3. HP: 23/23 MP: 3/3
  1033 | D:2      | Found a bloodstained altar of Trog.
  1046 | D:2      | Found Geqysouna's Antique Weapon Emporium.
  1559 | D:3      | Noticed Jessica
  1568 | D:3      | Killed Jessica
  1569 | D:3      | Reached XP level 4. HP: 19/29 MP: 4/4
  1681 | D:3      | Noticed Sigmund
  1702 | D:3      | Mangled by Sigmund

Illustrated notes

Levels and vault maps discovered:
D:1:      minmay_arrival_arboretum_small, layout_loops_ring, serial_shops, shop,
          shop_statue, shop, shop_statue
D:2:      layout_loops_cross, basic_altar, serial_shops, shop_statue,
          minmay_misc_feat_plants
D:3:      layout_basic, lemuel_crystal_altar, serial_shops,
          nicolae_shop_behind_doors, uniq_sigmund, uniq_jessica

Skill      XL: |  1  2 |
---------------+-------+-----
Polearms       | 2 |  2.3
Fighting       | |  3.8
Armour         | |  3.9
Shields        | |  3.9

Action                   |  1- 3 |  4- 6 || total
-------------------------+-------+-------++-------
Melee: Trident           |    96 |     9 ||   105
Armor: Scale mail        |    43 |     3 ||    46
Dodge: Dodged            |    19 |     6 ||    25
Block: Kite shield       |    52 |     3 ||    55

Table legend: (Time is in decaauts)
 A = Elapsed time spent in this place.
 B = Non-inter-level travel time spent in this place.
 C = Inter-level travel time spent in this place.
 D = Time resting spent in this place.
 E = Time spent auto-exploring this place.
 F = Levels seen in this place.
 G = Mean time per level.
                   A        B        C        D        E       F      G
               +--------+--------+--------+--------+--------+-----+--------+
         Total |   1745 |   1666 |     79 |      0 |   1438 |   3 |  581.7 |
       Dungeon |   1745 |   1666 |     79 |      0 |   1438 |   3 |  581.7 |
               +--------+--------+--------+--------+--------+-----+--------+

Top non-repeatable levels by time:
     D:1: 981 daAuts
     D:2: 579 daAuts
     D:3: 184 daAuts
